Map: 2000 Atmospheres LE

Players

DPGRogue (Rogue) - Winner!

  • Race: Zerg Zerg

DPGDark (Dark)

  • Race: Zerg Zerg
  • League: Master

Event: ASUS ROG Fall 2021

VOD

Have the link to the VOD?

Description

Time

  • Played on: Sept. 19, 2021, 12:24 p.m.
  • Length: 16:02

All games in this series

Show
View Real Time Build Order
Export as new Build Order

DPGRogue Zerg - Winner!

Build Orders: Hatch First, Zergling Baneling 

Get SALT Encoding   

  12  0:00  Drone  
  13  0:12  Overlord  
  13  0:16  Drone  
  14  0:30  Drone x2  
  16  0:47  Hatchery  
  15  0:50  Drone  
  15  0:53  Drone  
  17  0:57  Drone  
  18  1:07  Extractor  
  17  1:12  Spawning Pool  
  17  1:15  Drone  
  17  1:18  Drone  
  18  1:27  Drone  
  19  1:45  Drone  
  20  1:50  Drone  
  21  1:59  Queen x2  
  21  2:00  Zergling x2  
  21  2:01  Overlord  
  26  2:10  Drone  
  26  2:11  Drone  
  26  2:12  Metabolic Boost  
  28  2:21  Drone x2  
  30  2:31  Drone  
  30  2:32  Drone  
  32  2:38  Hatchery  
  32  2:44  Queen  
  33  2:52  Baneling Nest  
  33  2:55  Drone  
  33  2:56  Overlord  
  33  2:59  Zergling x2  
  33  3:00  Drone  
  33  3:03  Drone  
  36  3:16  Drone x3  
  36  3:17  Zergling x6  
  36  3:19  Zergling x2  
  43  3:27  Overlord  
  43  3:28  Evolution Chamber  
  43  3:32  Zergling x2  
  43  3:45  Zergling x10  
  48  3:50  Zergling x2  
  48  3:51  Zergling x2  
  48  3:54  Zergling x4  
  51  3:56  Zergling x4, Baneling x2  
  51  4:00  Overlord  
  51  4:01  Zergling x2  
  54  4:07  Zergling x2  
  55  4:12  Zergling x4  
  55  4:15  Overlord  
  57  4:18  Baneling x3  
  57  4:28  Zergling x10  
  57  4:31  Baneling x6  
  58  4:36  Zergling x2  
  58  4:37  Zergling x6  
  55  4:40  Zergling x6  
  55  4:41  Zergling x2  
  55  4:45  Zergling x2  
  56  4:49  Zergling x2  
  53  4:53  Drone x2  
  52  5:01  Drone  
  52  5:02  Drone x7  
  59  5:09  Zerg Missile Weapons Level 1  
  59  5:10  Drone  
  60  5:17  Extractor  
  60  5:18  Extractor  
  59  5:21  Drone x3, Roach Warren  
  59  5:23  Drone  
  61  5:28  Baneling  
  61  5:29  Baneling  
  61  5:31  Drone x3  
  61  5:34  Overlord  
  63  5:43  Zergling x14  
  63  5:44  Baneling  
  63  5:45  Baneling  
  63  5:49  Overlord  
  67  6:08  Roach x6  
  67  6:09  Roach  
  67  6:10  Roach  
  74  6:14  Overlord x2, Roach x2  
  74  6:16  Drone  
  74  6:17  Drone  
  80  6:24  Extractor  
  79  6:30  Lair  
  79  6:31  Drone x3  
  76  6:33  Drone  
  76  6:39  Drone  
  78  6:45  Roach x3  
  84  6:47  Roach  
  84  6:48  Overlord  
  84  6:51  Drone  
  87  6:55  Roach  
  87  6:56  Drone, Roach x3  
  87  6:58  Drone  
  87  7:00  Overlord  
  97  7:05  Zerg Ground Armor Level 1  
  97  7:09  Overlord  
  97  7:10  Extractor  
  97  7:12  Drone  
  97  7:16  Drone x4  
  97  7:18  Overlord  
  97  7:19  Extractor  
  100  7:24  Overlord  
  100  7:27  Roach x4  
  100  7:29  Glial Reconstitution  
  108  7:40  Overlord  
  108  7:42  Roach x4  
  108  7:44  Overseer  
  116  7:53  Roach x2  
  116  7:55  Roach x3  
  116  7:56  Overlord x2  
  126  7:58  Overlord  
  126  8:02  Overlord  
  125  8:13  Roach  
  125  8:14  Overlord, Roach x4  
  125  8:18  Roach  
  125  8:19  Roach  
  138  8:21  Overlord  
  138  8:28  Roach x3  
  138  8:32  Roach  
  138  8:33  Roach  
  148  8:37  Roach  
  148  8:40  Roach x3  
  156  8:41  Roach  
  156  8:43  Roach  
  156  8:47  Roach x2  
  164  8:55  Roach x4  
  172  9:01  Ravager x5  
  177  9:03  Overlord  
  177  9:05  Overlord  
  167  9:20  Roach x5  
  167  9:22  Roach  
  177  9:26  Roach  
  177  9:27  Roach x5  
  177  9:30  Roach  
  187  9:37  Roach x2  
  171  9:39  Roach  
  171  9:41  Roach x2  
  171  9:43  Roach  
  171  9:44  Roach  
  167  9:50  Roach x2  
  149  9:54  Roach x2  
  149  9:57  Roach x2  
  147  10:04  Roach x3  
  133  10:07  Roach  
  133  10:09  Roach  
  133  10:11  Roach  
  133  10:13  Roach  
  124  10:16  Roach  
  124  10:17  Roach  
  124  10:19  Roach  
  98  10:29  Drone  
  98  10:30  Drone x2  
  98  10:31  Drone x2  
  98  10:32  Zerg Missile Weapons Level 2  
  103  10:37  Roach  
  103  10:38  Roach x2  
  103  10:41  Roach  
  103  10:42  Roach  
  113  10:45  Roach  
  113  10:46  Drone  
  113  10:48  Drone  
  117  10:54  Roach x2  
  117  10:56  Ravager  
  122  10:58  Drone x3  
  122  11:01  Roach  
  122  11:02  Roach  
  129  11:05  Roach x2  
  133  11:12  Ravager x2  
  133  11:13  Overlord  
  133  11:16  Drone  
  136  11:23  Hatchery  
  135  11:26  Ravager x3  
  135  11:31  Roach x2  
  135  11:32  Roach x2  
  146  11:41  Roach x6  
  146  11:43  Overlord  
  158  11:50  Roach x3  
  158  11:51  Roach  
  158  11:53  Roach  
  168  12:02  Roach x4  
  168  12:03  Overlord  
  168  12:06  Ravager x2  
  178  12:12  Roach x3  
  184  12:16  Overlord  
  184  12:25  Roach  
  184  12:26  Roach x5  
  196  12:31  Pneumatized Carapace  
  196  12:33  Overlord  
  196  12:35  Overlord  
  196  12:50  Zerg Ground Armor Level 2  
  198  12:51  Roach x2  
  200  13:02  Burrow, Tunneling Claws  
  198  13:06  Spine Crawler  
  198  13:07  Roach  
  199  13:16  Spine Crawler x2  
  199  13:17  Spine Crawler  
  196  13:21  Roach x2  
  189  13:34  Roach x7  
  189  13:38  Roach x8  
  174  13:53  Roach x6  
  170  14:04  Roach  
  170  14:05  Roach x3  
  170  14:06  Roach  
  180  14:15  Roach x3  
  180  14:24  Roach  
  180  14:25  Roach x2  
  180  14:31  Roach  
  167  14:37  Roach  
  167  14:38  Roach x4  
  167  14:39  Roach x25  
  167  14:41  Ravager x4  
  167  14:42  Ravager x2  
  173  14:49  Roach x2  
  173  14:51  Ravager x3  
  180  14:57  Roach x2  
  184  15:00  Ravager  
  184  15:02  Roach  
  187  15:09  Roach x2  
  191  15:16  Roach x2  
  191  15:17  Roach  
  197  15:21  Roach  
  197  15:33  Roach x2  
  199  15:35  Roach  
  199  15:41  Roach  
  199  15:42  Roach x3  
Show
View Real Time Build Order
Export as new Build Order

DPGDark Zerg 

Build Orders: Hatch First, Zergling Baneling 

Get SALT Encoding   

  12  0:00  Drone  
  13  0:13  Overlord  
  13  0:17  Drone  
  14  0:32  Drone x2  
  16  0:48  Hatchery  
  15  0:51  Drone  
  15  0:55  Drone  
  17  0:59  Drone  
  18  1:11  Extractor  
  18  1:15  Spawning Pool  
  18  1:16  Drone  
  17  1:20  Drone  
  18  1:30  Drone  
  19  1:41  Drone  
  20  1:51  Drone  
  21  2:01  Queen x2  
  21  2:02  Zergling x2, Drone  
  27  2:11  Overlord  
  27  2:16  Metabolic Boost  
  27  2:17  Drone  
  28  2:31  Drone x2  
  28  2:33  Drone x2  
  32  2:45  Drone  
  32  2:50  Queen  
  35  2:56  Hatchery  
  34  2:58  Overlord  
  34  3:00  Baneling Nest  
  34  3:02  Drone  
  34  3:03  Drone  
  34  3:05  Zergling x2  
  36  3:10  Overlord  
  36  3:19  Zergling x8  
  40  3:22  Zergling x2  
  41  3:27  Drone x2  
  43  3:39  Overlord  
  43  3:40  Drone x2  
  45  3:43  Drone, Evolution Chamber  
  45  3:44  Drone x2  
  47  3:50  Drone  
  47  3:55  Drone  
  47  4:02  Extractor, Overlord  
  48  4:03  Zergling x6  
  48  4:07  Zergling x2  
  48  4:08  Baneling x2  
  51  4:11  Queen  
  51  4:14  Baneling x3  
  52  4:19  Zergling x2  
  52  4:20  Zergling x2  
  52  4:21  Baneling, Roach Warren  
  53  4:30  Zergling x12  
  55  4:35  Zergling x2  
  55  4:38  Zergling x2, Baneling x2  
  54  4:39  Zergling x4  
  49  4:47  Zergling x6  
  51  4:58  Baneling x2  
  48  5:01  Zergling x8  
  48  5:03  Zergling x2  
  52  5:07  Zergling x2  
  52  5:10  Baneling  
  52  5:12  Drone x3  
  56  5:15  Drone  
  56  5:19  Drone x2  
  59  5:23  Drone  
  59  5:27  Baneling  
  60  5:31  Roach x2  
  60  5:32  Baneling  
  60  5:33  Baneling  
  64  5:36  Drone  
  65  5:44  Baneling x3  
  65  5:47  Drone x3  
  66  5:51  Drone x2  
  66  5:56  Overlord  
  67  5:58  Overlord  
  67  6:01  Drone x2  
  69  6:06  Roach  
  69  6:07  Roach  
  69  6:09  Roach  
  73  6:11  Baneling x2  
  73  6:14  Extractor, Zerg Missile Weapons Level 1  
  72  6:19  Drone x3  
  75  6:31  Roach x3  
  74  6:33  Roach  
  74  6:38  Drone x3  
  79  6:42  Roach x2  
  79  6:43  Drone x3  
  86  6:52  Drone x3  
  89  6:54  Lair  
  89  7:00  Overlord  
  89  7:01  Overlord  
  89  7:04  Overlord  
  89  7:07  Overlord  
  89  7:14  Spine Crawler  
  88  7:16  Spine Crawler x2, Roach  
  88  7:17  Roach  
  88  7:19  Roach  
  88  7:21  Roach x2  
  96  7:23  Roach  
  96  7:25  Drone x2  
  96  7:27  Roach  
  96  7:28  Extractor  
  101  7:37  Drone x3  
  103  7:40  Roach x4  
  112  7:45  Drone x2  
  112  7:49  Drone x2  
  112  7:50  Drone  
  112  7:51  Glial Reconstitution  
  117  7:56  Roach x2  
  117  7:57  Overlord  
  121  8:01  Overlord x2  
  121  8:03  Overlord  
  121  8:07  Extractor  
  121  8:08  Zerg Missile Weapons Level 2  
  121  8:09  Extractor  
  119  8:15  Drone x2  
  119  8:16  Drone x3, Overlord  
  119  8:18  Roach  
  126  8:21  Roach  
  128  8:28  Ravager x3  
  131  8:41  Roach x5  
  140  8:47  Drone x3  
  143  8:49  Drone  
  143  8:51  Evolution Chamber  
  143  8:52  Overlord  
  143  8:53  Roach  
  143  8:54  Roach x3  
  143  8:55  Ravager  
  149  8:56  Ravager  
  149  8:58  Overseer  
  150  9:05  Roach x5  
  150  9:09  Ravager  
  158  9:18  Roach x5  
  166  9:25  Roach x2  
  166  9:26  Overlord  
  166  9:27  Overlord  
  152  9:39  Roach x9  
  152  9:42  Roach x2  
  152  9:44  Roach  
  152  9:45  Roach x2  
  145  9:54  Roach x3  
  145  9:55  Roach x3  
  145  9:58  Roach  
  139  10:04  Roach x3  
  139  10:05  Roach x2  
  130  10:12  Roach  
  130  10:13  Roach  
  120  10:14  Roach  
  120  10:18  Roach x2  
  120  10:20  Roach  
  116  10:23  Roach x2  
  116  10:28  Drone x3  
  116  10:31  Drone  
  116  10:33  Extractor, Zerg Ground Armor Level 1  
  116  10:39  Queen, Ravager  
  116  10:42  Roach x2  
  123  10:47  Roach  
  123  10:48  Roach  
  127  10:52  Queen  
  127  10:56  Roach x2  
  133  10:58  Ravager  
  133  11:00  Ravager  
  135  11:06  Hatchery  
  134  11:13  Roach x3  
  140  11:19  Roach  
  140  11:20  Roach x2  
  148  11:25  Roach  
  148  11:26  Roach x2  
  152  11:37  Ravager x2  
  152  11:38  Roach x4  
  152  11:39  Ravager  
  164  11:40  Ravager  
  164  11:43  Roach  
  166  11:49  Drone  
  166  11:50  Drone  
  168  11:54  Tunneling Claws  
  168  11:55  Burrow  
  168  11:56  Roach  
  170  12:03  Overlord x4  
  170  12:13  Overseer  
  170  12:16  Overlord x2  
  170  12:20  Queen  
  170  12:22  Roach x5  
  182  12:28  Roach x3  
  188  12:33  Overlord x2  
  188  12:41  Roach x2  
  188  12:42  Roach x2  
  196  12:44  Ravager x2  
  196  12:45  Ravager x2  
  200  12:53  Zerg Ground Armor Level 2  
  200  13:07  Roach  
  200  13:08  Roach x2  
  200  13:09  Roach x3  
  200  13:21  Spine Crawler  
  200  13:22  Ravager  
  200  13:23  Roach x3  
  194  13:32  Roach x6  
  199  13:38  Roach x3  
  199  13:41  Roach x3  
  200  13:47  Roach  
  200  13:52  Roach x2  
  196  13:56  Hatchery  
  196  13:57  Hatchery  
  196  13:58  Roach x2  
  196  13:59  Roach  
  194  14:04  Roach x3  
  198  14:11  Roach x2  
  200  14:21  Roach x2  
  200  14:23  Pneumatized Carapace  
  169  14:33  Roach x2  
  158  14:41  Overseer  
  158  14:43  Roach x18  
  158  14:44  Roach x2  
  160  14:49  Ravager x3  
  160  14:50  Overseer  
  160  14:51  Roach  
  160  14:52  Roach x2  
  169  14:56  Roach x3  
  169  14:57  Ravager x2  
  177  15:05  Roach  
  179  15:10  Roach  
  179  15:13  Drone  
  182  15:16  Roach  
  184  15:25  Roach x2  
  170  15:40  Roach  
  170  15:41  Roach  
  168  15:42  Roach x5  
Tags
 
Add a new tag
Caveats
  • Supply blocks, unpowered buildings, or Contaminate may cause inaccurate times.
  • Supply counts are checked every 10 seconds.